AoeStats
← LeonMastin

MegaRandom

509967278Analyzed
4v4 RM · 2d ago on Sep 28, 2026· 70m 19s· 8 players
Game mode
Random Map
Map size
Large (8 player)
Population
200
Speed
Normal
Resources
Standard
Victory
Conquest
Starting age
Dark Age
Ending age
Imperial Age
RankedLock teamsTeams togetherTeam positionsShared explorationLock speedFull tech treeHidden civsTurbo modeCheats
Victory
Defeat
🇺🇸 Varangians · United States
1056
+12
🇩🇪 Romans · Germany
1021
+14
🇷🇺 Slavs · Russia
910
+18
🇳🇱 Goths · Netherlands
871
+21
🇹🇷 Burgundians · Türkiye
1017
-18
🇪🇸 Berbers · Spain
1007
-18
🇧🇷 Armenians · Brazil
952
-16
🇨🇱 Gurjaras · Chile
896
-13
Big Tiozao
10:41 Loom
17:59 Feudal Age
18:31 Double-Bit Axe
18:29 Horse Collar
18:16 Man-at-Arms
19:01 Long Swordsman
20:01 Forging
19:52 Scale Mail Armor
20:38 Arson
27:07 Castle Age
25:41 Gold Mining
28:28 Iron Casting
28:09 Chain Mail Armor
28:36 Two-Handed Swordsman
29:19 Squires
33:08 Wheelbarrow
33:10 Bow Saw
32:54 Gambesons
33:19 Pikeman
35:13 Halberdier
37:20 Town Watch
39:21 Hand Cart
42:09 Imperial Age
41:03 Champion
44:13 Capped Ram
45:31 Gold Shaft Mining
46:31 Heavy Plow
51:22 Blast Furnace
50:53 Plate Mail Armor
57:26 Fletching
57:36 Padded Archer Armor
57:46 Siege Ram
64:46 Elite Skirmisher
LeonMastin
4:49 Loom
14:42 Feudal Age
17:20 Double-Bit Axe
17:18 Horse Collar
23:48 Castle Age
23:10 Wheelbarrow
25:48 Scale Barding Armor
31:02 Heavy Plow
31:14 Bow Saw
35:36 Squires
34:57 Pikeman
39:01 Hand Cart
38:31 Town Watch
42:30 Imperial Age
41:27 Ballistics
41:29 Arson
42:22 Town Patrol
43:28 Forging
43:18 Scale Mail Armor
45:56 Fletching
46:42 Iron Casting
46:22 Chain Mail Armor
50:11 Bodkin Arrow
58:32 Elite Skirmisher
Juan Carlos Bodoque
7:39 Loom
17:24 Feudal Age
20:03 Man-at-Arms
22:35 Wheelbarrow
21:47 Town Watch
22:09 Scale Mail Armor
22:19 Forging
22:15 Horse Collar
23:13 Arson
30:12 Castle Age
28:56 Double-Bit Axe
30:24 Scale Barding Armor
31:59 Husbandry
32:27 Hand Cart
34:17 Fletching
35:45 Chain Mail Armor
36:08 Iron Casting
37:08 Bloodlines
39:01 Bodkin Arrow
41:56 Heavy Plow
47:06 Chain Mail Armor
47:26 Light Cavalry
48:49 Chain Barding Armor
53:58 Town Patrol
61:16 Caravan
MAMMA MIA!
13:54 Loom
18:35 Feudal Age
20:23 Double-Bit Axe
20:24 Horse Collar
23:20 Heavy Plow
29:00 Castle Age
30:06 Cavalier
31:54 Forging
31:59 Husbandry
33:41 Gold Mining
34:03 Scale Barding Armor
34:05 Cavalier
45:48 Gold Shaft Mining
48:59 Iron Casting
48:56 Chain Barding Armor
61:08 Burgundian Vineyards
63:00 Crop Rotation
HectorSquash24
13:09 Feudal Age
14:13 Feudal Age
14:41 Double-Bit Axe
14:39 Horse Collar
20:49 Wheelbarrow
25:12 Castle Age
26:05 Scale Barding Armor
25:52 Fletching
26:46 Hand Cart
27:09 Husbandry
27:13 Gambesons
28:36 Chain Barding Armor
28:26 Forging
30:20 Heavy Plow
30:31 Bow Saw
31:19 Bodkin Arrow
33:56 Bloodlines
35:50 Squires
37:23 Pikeman
39:47 Elite Skirmisher
44:34 Imperial Age
42:45 Padded Archer Armor
60:48 Bracer
69:48 Cranequins
70:39 Caravan
Dzuk
6:30 Loom
14:55 Feudal Age
15:40 Horse Collar
19:24 Fletching
24:48 Castle Age
23:45 Forging
23:43 Double-Bit Axe
24:37 Bloodlines
24:37 Scale Barding Armor
25:26 Pikeman
26:31 Husbandry
26:37 Heavy Plow
27:59 Wheelbarrow
28:14 Town Watch
31:03 Town Patrol
30:56 Light Cavalry
32:54 Gold Mining
34:54 Hand Cart
43:28 Detinets
46:59 Masonry
47:37 Bodkin Arrow
54:47 Caravan
56:31 Iron Casting
61:11 Imperial Age
61:48 Hussar
63:15 Crop Rotation
63:01 Bow Saw
67:12 Blast Furnace
iCrasher
7:42 Loom
16:06 Feudal Age
16:44 Double-Bit Axe
17:43 Wheelbarrow
16:53 Horse Collar
20:07 Town Watch
23:15 Castle Age
21:33 Man-at-Arms
25:06 Bow Saw
24:51 Gold Mining
25:15 Long Swordsman
25:59 Squires
26:30 Forging
26:21 Scale Mail Armor
32:26 Hand Cart
35:08 Imperial Age
35:10 Pikeman
39:26 Halberdier
41:24 Conscription
43:30 Legionary
46:49 Iron Casting
46:30 Chain Mail Armor
53:58 Capped Ram
56:37 Siege Ram
59:04 Blast Furnace
61:21 Comitatenses
SKAY
3:54 Loom
15:58 Feudal Age
16:14 Man-at-Arms
25:19 Castle Age
25:17 Forging
25:38 Double-Bit Axe
25:48 Long Swordsman
26:23 Long Swordsman
41:53 Imperial Age
40:59 Pikeman
45:56 Gold Mining
47:50 Bow Saw
50:37 Wheelbarrow
55:50 Horse Collar
56:35 Conscription
57:29 Scale Mail Armor
61:11 Heavy Plow
65:46 Two-Man Saw
Connection lost

Rejoining the realm…

Still unreachable

The connection could not be restored.

Session expired

The server has moved on; the page needs a fresh start.